 Dungeon Crawl Stone Soup version 0.19.1-1-g22dce08 (webtiles) character file.

1888 theAP the Basher (level 9, -6/57 HPs)
             Began as a Gargoyle Fighter on Jan 19, 2017.
             Was a Priest of Cheibriados.
             Incinerated by Paps's ghost (10 damage)
             ... with a sticky flame
             ... on level 6 of the Dungeon.
             The game lasted 00:14:09 (5163 turns).

theAP the Basher (Gargoyle Fighter)                 Turns: 5163, Time: 00:14:10

Health: -6/57      AC: 17    Str: 37    XL:     9   Next: 15%
Magic:  8/12       EV:  6    Int: 16    God:    Cheibriados [***...]
Gold:   262        SH: 11    Dex: 17    Spells: 0 memorised, 8 levels left

rFire  . . .     SeeInvis +     a - +0 flail
rCold  . . .     Gourm    +     s - +0 chain mail
rNeg   + . .     Faith    .     c - +0 shield
rPois  ∞         Spirit   .     e - +0 helmet
rElec  +         Reflect  .     u - +0 cloak
rCorr  +         Harm     .     (no gloves)
MR     .....                    (no boots)
Stlth  ..........               v - amulet of the gourmand
                                y - ring of resist corrosion
                                j - ring of see invisible

@: mighty, liquid flames, glowing, very slow
A: talons 1, negative energy resistance 1, electricity resistance, unbreathing,
petrification resistance, rot immunity, AC +5
a: Bend Time, Temporal Distortion, Renounce Religion


You were on level 6 of the Dungeon.
You worshipped Cheibriados.
Cheibriados was most pleased with you.
You were not hungry.

You visited 1 branch of the dungeon, and saw 8 of its levels.
You also visited: Ossuary.

You collected 262 gold pieces.

Inventory:

Hand Weapons
 a - a +0 flail (weapon)
Armour
 b - a +0 scale mail
 c - a +0 shield (worn)
 e - a +0 helmet (worn)
 s - a +0 chain mail (worn)
 u - a +0 cloak (worn)
Jewellery
 j - a ring of see invisible (left hand)
 n - an uncursed ring of magical power
 v - an amulet of the gourmand (around neck)
 y - a ring of resist corrosion (right hand)
 C - a -2 ring of dexterity
Scrolls
 f - 2 scrolls of immolation
 g - a scroll of amnesia
 h - 10 scrolls of remove curse
 k - 2 scrolls of recharging
 p - 2 scrolls of noise
 w - a scroll of blinking
 F - a scroll of magic mapping
 I - a scroll of enchant armour {unknown}
 J - a scroll of identify
Potions
 d - a potion of might
 i - a potion of berserk rage {unknown}
 l - 2 potions of brilliance
 m - a potion of lignification
 o - a potion of cancellation {unknown}
 r - a potion of flight
 x - a potion of degeneration {unknown}
 z - a potion of heal wounds {unknown}
 A - a potion of invisibility {unknown}
 B - a potion of agility {unknown}
 D - a potion of resistance {unknown}
Books
 t - a book of Misfortune

   Spells                             Type                      Level
   a - Confusing Touch                Hexes                        1
   b - Confuse                        Hexes                        3
   c - Gell's Gravitas                Hexes/Translocation          3
   d - Petrify                        Transmutation/Earth          4
   e - Metabolic Englaciation         Hexes/Ice                    5
   f - Yara's Violent Unravelling     Hexes/Transmutation          5
Comestibles
 q - 2 meat rations
 E - a slice of pizza
 G - 2 beef jerkies
 H - a bread ration


   Skills:
 + Level 7.5 Fighting
 * Level 9.2 Maces & Flails
 - Level 3.2 Armour
 - Level 3.2 Shields
 + Level 4.2 Invocations


You had 8 spell levels left.
You didn't know any spells.

Dungeon Overview and Level Annotations

Branches:
Dungeon (8/15)             Temple (0/1) D:7
   Lair: D:8-11

Altars:
Cheibriados
Zin

Shops:
D:5 %

Annotations:
D:8 Vorshek's ghost, novice HOHu


Innate Abilities, Weirdness & Mutations

You are resistant to torment.
Your stone body is resilient. (AC +5)
You are immune to poison.
You resist negative energy. (rN+)
You are resistant to electric shocks. (rElec)
You can survive without breathing.
You are immune to petrification.
You are immune to rotting.
You have sharp toenails.


Message History

Paps's ghost sprays you with burning goo.
The sticky flame hits you!
You are covered in liquid flames!
You completely miss Paps's ghost. You claw Paps's ghost.
Paps's ghost is almost destroyed.
You are covered in liquid flames!
* * * LOW HITPOINT WARNING * * *
Paps's ghost sprays you with burning goo.
The sticky flame hits you!
You are covered in liquid flames!
You sock Paps's ghost!
You destroy Paps's ghost!
Cheibriados thoroughly appreciates the change of pace.
You feel your dexterity returning.
Your Maces & Flails skill increases to level 9!
Your Invocations skill increases to level 4!
You are covered in liquid flames!
* * * LOW HITPOINT WARNING * * *
You are covered in liquid flames!
You die...

.. #. .# #.
#.# #. #.# #.
..# ..####.
#.#
.......#####.#
#...@...##
####.....#
#.....#
#.....#
##...## ##.##
## #.# ..#.#
#.#.# #####


There were no monsters in sight!

Vanquished Creatures
  The ghost of Paps the Magician, a novice DEFE of Vehumet (D:6)
  Prince Ribbit (D:7)
  A sky beast (D:5)
  An ogre (D:3)
  A bullfrog (D:7)
  A water moccasin zombie (D:7)
  3 scorpions
  5 bullfrog zombies (Ossuary)
  2 centaur zombies (Ossuary)
  A quasit (D:6)
  2 hounds
  An orc priest (D:3)
  12 mummies (Ossuary)
  An iguana (D:4)
  4 worker ants
  3 killer bee zombies
  2 hound zombies (Ossuary)
  3 worker ant zombies (Ossuary)
  A howler monkey zombie (Ossuary)
  5 adders
  4 adder zombies (Ossuary)
  An adder skeleton (D:4)
  2 worms (D:3)
  2 dart slugs
  4 leopard geckos
  4 orcs (D:3)
  A ball python (D:1)
  5 bats
  4 giant cockroaches
  6 goblins
  8 hobgoblins
  17 jackals
  5 quokkas
  4 frilled lizards
  A giant cockroach zombie (Ossuary)
  9 kobolds
  2 leopard gecko zombies (Ossuary)
  A quokka skeleton (D:6)
  A quokka zombie (Ossuary)
  7 rats
  A withered plant (Ossuary)
140 creatures vanquished.

Vanquished Creatures (others)
  2 withered plants (Ossuary)
2 creatures vanquished.

Grand Total: 142 creatures vanquished

Notes
Turn   | Place    | Note
-------+----------+-------------------------------------------
     0 | D:1      | theAP the Gargoyle Fighter began the quest for the Orb.
     0 | D:1      | Reached XP level 1. HP: 14/14 MP: 1/1
    19 | D:1      | Reached XP level 2. HP: 13/19 MP: 2/2
   494 | D:1      | Reached XP level 3. HP: 24/24 MP: 3/3
   590 | D:1      | Reached skill level 3 in Maces & Flails
   705 | D:2      | Found a snail-covered altar of Cheibriados.
   767 | D:2      | Became a worshipper of Cheibriados the Contemplative
   958 | D:2      | Reached XP level 4. HP: 20/29 MP: 4/4
  1465 | D:3      | Reached * piety under Cheibriados
  1465 | D:3      | Reached skill level 4 in Maces & Flails
  1465 | D:3      | Reached XP level 5. HP: 32/34 MP: 5/5
  2313 | D:4      | Noticed an ogre
  2347 | D:3      | Reached skill level 5 in Fighting
  2347 | D:3      | Reached skill level 5 in Maces & Flails
  2347 | D:3      | Reached XP level 6. HP: 19/40 MP: 6/6
  2352 | D:3      | Reached ** piety under Cheibriados
  2757 | D:4      | Reached skill level 6 in Maces & Flails
  2988 | D:5      | Entered Level 5 of the Dungeon
  3012 | D:5      | Found a sand-covered staircase.
  3026 | Ossuary  | Entered an ossuary
  3040 | Ossuary  | Reached XP level 7. HP: 38/44 MP: 7/7
  3138 | Ossuary  | Reached *** piety under Cheibriados
  3344 | Ossuary  | Reached skill level 7 in Maces & Flails
  3379 | Ossuary  | Reached skill level 1 in Invocations
  3511 | Ossuary  | Reached XP level 8. HP: 43/51 MP: 9/9
  3947 | D:5      | Reached skill level 8 in Maces & Flails
  4048 | D:5      | Found Usorass's Food Boutique.
  4272 | D:5      | Gained mutation: You have sharp toenails. [potion of beneficial mutation]
  4374 | D:6      | You fall through a shaft for 2 floors!
  4376 | D:8      | Noticed Prince Ribbit
  4381 | D:7      | Found a staircase to the Ecumenical Temple.
  4416 | D:8      | Noticed Vorshek's ghost (novice HOHu)
  4702 | D:7      | Killed Prince Ribbit
  4852 | D:6      | Found a glowing silver altar of Zin.
  5125 | D:6      | Noticed Paps's ghost (novice DEFE)
  5143 | D:6      | Reached XP level 9. HP: 38/57 MP: 11/11
  5162 | D:6      | Killed Paps's ghost
  5162 | D:6      | Reached skill level 9 in Maces & Flails
  5163 | D:6      | Incinerated by Paps's ghost

Skill      XL: |  1  2  3  4  5  6  7  8  9 |
---------------+----------------------------+-----
Maces & Flails | 3 4 5 6 7 8 9 |  9.2
Fighting       | 4 5 6 7 |  7.5
Invocations    | 1 3 4 |  4.2
Armour         | |  3.2
Shields        | |  3.2

Action                   |  1- 3 |  4- 6 |  7- 9 || total
-------------------------+-------+-------+-------++-------
Melee: Flail             |   134 |   214 |   334 ||   682
       Kick              |       |       |    38 ||    38
Invok: Bend Time         |       |     1 |     3 ||     4
  Use: Scroll            |     2 |    10 |     6 ||    18
       Potion            |       |     1 |     6 ||     7
  Eat: Chunk             |     1 |     4 |     3 ||     8
       Bread ration      |       |       |     1 ||     1
Armor: Scale mail        |   110 |   117 |       ||   227
       Chain mail        |       |     6 |   172 ||   178
Dodge: Dodged            |    51 |    54 |    74 ||   179
Block: Shield            |    90 |    96 |   154 ||   340
